 Dungeon Crawl Stone Soup version 0.22-a0-374-g5dfd9e3 (webtiles) character file.

9 dstrtnsr the Conjurer (level 2, 0/23 HPs)
             Began as a Hill Orc Conjurer on Apr 26, 2018.
             Hit by a stone thrown by a kobold (1 damage)
             ... on level 1 of the Dungeon.
             The game lasted 00:02:25 (208 turns).

dstrtnsr the Conjurer (Hill Orc Conjurer)            Turns: 208, Time: 00:02:26

Health: 0/23       AC:  2    Str: 10    XL:     2   Next: 16%
Magic:  0/5        EV: 12    Int: 15    God:
Gold:   13         SH:  0    Dex: 11    Spells: 4/5 levels left

rFire    . . .     SeeInvis .   e - +0 spear
rCold    . . .     Gourm    .   (no shield)
rNeg     . . .     Faith    .   a - +0 robe
rPois    .         Spirit   .   (no helmet)
rElec    .         Reflect  .   (no cloak)
rCorr    .         Harm     .   (no gloves)
MR       .....                  (no boots)
Stlth    ++........             (no amulet)
HPRegen  0.07/turn              (no ring)
MPRegen  0.09/turn              (no ring)

@: no status effects
A: no striking features
a: no special abilities


You were on level 1 of the Dungeon.
You were not hungry.

You visited 1 branch of the dungeon, and saw 1 of its levels.

You collected 13 gold pieces.

Inventory:

Hand Weapons
 b - a +0 falchion
 e - a +0 spear (weapon)
Missiles
 f - 10 stones (quivered)
Armour
 a - a +0 robe (worn)
Scrolls
 d - a scroll of magic mapping {unknown}
Comestibles
 c - a ration {!d}


   Skills:
 + Level 1.2 Fighting
 - Level 1.5 Dodging
 - Level 1.5 Stealth
 - Level 2.0 Spellcasting
 - Level 4.0 Conjurations


You had 4 spell levels left.
You knew the following spells:

 Your Spells              Type           Power        Failure   Level  Hunger
a - Magic Dart            Conj           ##..         4%          1    #......


Dungeon Overview and Level Annotations

Branches:
Dungeon (1/15)

Altars:
Okawaru


Message History

The leopard gecko is almost dead.
The leopard gecko closely misses you.
Unknown command.
Unknown command.
You hit the leopard gecko.
You kill the leopard gecko!
Unknown command.
You see here 10 stones.
f - 10 stones You see here a leopard gecko corpse.
You see here a leopard gecko corpse.
You see here a leopard gecko corpse.
You see here a leopard gecko corpse.
You see here a leopard gecko corpse.
You see here a leopard gecko corpse.
You see here a leopard gecko corpse.
You see here a leopard gecko corpse.
Casting: Magic Dart (safe; 4% risk of failure)
Confirm with . or Enter, or press ? or * to list all spells.
Aiming: Magic Dart (safe; 4% risk of failure)
Press: ? - help, Shift-Dir - straight line, f - kobold
Aim: a kobold (hasn't noticed you)
The magic dart hits the kobold.
The kobold shouts!
The kobold throws a stone.
The stone hits you but does no damage.
You see here a leopard gecko corpse.
Casting: Magic Dart (safe; 4% risk of failure)
Confirm with . or Enter, or press ? or * to list all spells.
Aiming: Magic Dart (safe; 4% risk of failure)
Press: ? - help, Shift-Dir - straight line, f/p - kobold
Aim: a kobold The magic dart hits the kobold.
The kobold is severely wounded.
The kobold throws a stone.
The stone hits you.
* * * LOW HITPOINT WARNING * * *
Damage: -5%(-1hp) hp: 22%(5hp) Unknown command.
The kobold throws a stone.
The stone closely misses you.
Unknown command.
The kobold throws a stone.
The stone hits you.
* * * LOW HITPOINT WARNING * * *
Huge Dmg: -9%(-2hp) hp: 18%(4hp) Unknown command.
Casting: Magic Dart (safe; 4% risk of failure)
Confirm with . or Enter, or press ? or * to list all spells.
Aiming: Magic Dart (safe; 4% risk of failure)
Press: ? - help, Shift-Dir - straight line, f/p - kobold
Aim: a kobold (severely wounded)
The magic dart hits the kobold.
The kobold is severely wounded.
The kobold throws a stone.
The stone barely misses you.
Things that are here:
a stone; a leopard gecko corpse Unknown command.
The kobold throws a stone.
The stone hits you.
* * * LOW HITPOINT WARNING * * *
Huge Dmg: -4%(-1hp) hp: 14%(3hp) Attack whom?
Press: ? - help, Dir - move target cursor, f/p - kobold
Aim: a kobold (severely wounded)
You reach to attack!
You closely miss the kobold.
The kobold is severely wounded.
The kobold throws a stone.
The stone hits you.
* * * LOW HITPOINT WARNING * * *
Huge Dmg: -9%(-2hp) hp: 5%(1hp) Attack whom?
Press: ? - help, Dir - move target cursor, f/p - kobold
Aim: a kobold (severely wounded)
You reach to attack!
You closely miss the kobold.
The kobold is severely wounded.
The kobold throws a stone.
The stone misses you.
Unknown command.
Attack whom?
Press: ? - help, Dir - move target cursor, f/p - kobold
Aim: a kobold (severely wounded)
You reach to attack!
You closely miss the kobold.
The kobold is severely wounded.
The kobold throws a stone.
The stone barely misses you.
Unknown command.
Attack whom?
Press: ? - help, Dir - move target cursor, f/p - kobold
Aim: a kobold (severely wounded)
You reach to attack!
You hit the kobold but do no damage.
The kobold is severely wounded.
The kobold throws a stone.
The stone hits you but does no damage.
Unknown command.
Attack whom?
Press: ? - help, Dir - move target cursor, f/p - kobold
Aim: a kobold (severely wounded)
You reach to attack!
You barely miss the kobold.
The kobold is severely wounded.
The kobold throws a stone.
The stone barely misses you.
Unknown command.
Attack whom?
Press: ? - help, Dir - move target cursor, f/p - kobold
Aim: a kobold (severely wounded)
You reach to attack!
You barely miss the kobold.
The kobold is severely wounded.
The kobold throws a stone.
The stone hits you.
You die...

#.#.#.............. .#
......#...).#....#..#
####...##.._..##...#..#
#...>...#.)...#..#$...#
........)..........##
..........###.......#
#...)......#...#K##.#
..............##)# l#
....†.........##@# ..
...#.#........#((# #..
.###'###......#(## ..
#H#.#p#.....l#.# ..#
###.###......(..w
#m#†#g#.%#####.##
###.###.?. #.#
#N#.#a#.## .[# ###.###.
###


You could see a kobold.

Vanquished Creatures
  A leopard gecko (D:1)
  A giant cockroach (D:1)
  3 goblins (D:1)
  A kobold (D:1)
  2 rats (D:1)
8 creatures vanquished.

Notes
Turn   | Place    | Note
-------+----------+-------------------------------------------
     0 | D:1      | dstrtnsr the Hill Orc Conjurer began the quest for the Orb.
     0 | D:1      | Reached XP level 1. HP: 14/14 MP: 3/3
     2 | D:1      | Noticed an elf
     2 | D:1      | Noticed a troll
     4 | D:1      | Noticed a centaur
     4 | D:1      | Noticed an ogre
     6 | D:1      | Noticed a draconian
     6 | D:1      | Noticed a felid
     8 | D:1      | Noticed a human
     8 | D:1      | Noticed a gargoyle
    13 | D:1      | Noticed an octopode
    13 | D:1      | Noticed a spriggan
    15 | D:1      | Noticed a vampire
    15 | D:1      | Noticed a tengu
    17 | D:1      | Noticed a demonspawn
    19 | D:1      | Noticed a ghoul
    21 | D:1      | Noticed a halfling
    23 | D:1      | Noticed a vine stalker
    25 | D:1      | Noticed a naga
    25 | D:1      | Noticed a formicid
    27 | D:1      | Noticed a merfolk
    27 | D:1      | Noticed a dwarf
    29 | D:1      | Noticed a minotaur
    29 | D:1      | Noticed a demigod
    37 | D:1      | Found an iron altar of Okawaru.
   143 | D:1      | Reached skill level 1 in Fighting
   143 | D:1      | Reached XP level 2. HP: 15/23 MP: 0/5
   160 | D:1      | HP: 9/23 [leopard gecko (3)]
   166 | D:1      | HP: 7/23 [leopard gecko (2)]
   196 | D:1      | HP: 5/23 [kobold/stone (1)]
   202 | D:1      | HP: 3/23 [kobold/stone (1)]
   203 | D:1      | HP: 1/23 [kobold/stone (2)]
   208 | D:1      | Hit by a stone thrown by a kobold

Vault maps used:
D:1:      kb_arrival_jail, hangedman_decor_clover_reticule,
          okawaru_ov_weapons_minmay

Skill      XL: |  1 |
---------------+----+-----
Fighting       | 1 |  1.2
Spellcasting   | 2 |  2.0
Dodging        | |  1.5
Stealth        | |  1.5
Conjurations   | |  4.0

Action                   || total
-------------------------++-------
Melee: Spear             ||    34
 Cast: Magic Dart        ||    17
Armor: Robe              ||     6
Dodge: Dodged            ||    23

Table legend:
 A = Spawn XP
 B = Non-spawn XP
 C = Spawn XP percentage of total XP
 D = Spawn monster count
 E = Non-spawn monster count
 F = Spawn count percentage of total count
 G = Total turns spent on level
                    A         B        C        D         E        F      G
               +---------+---------+-------+---------+---------+-------+---------
         Total |       0 |      14 |   0.0 |       0 |       8 |   0.0 |   208
               +---------+---------+-------+---------+---------+-------+---------
           D:1 |       0 |      14 |   0.0 |       0 |       8 |   0.0 |   208
               +---------+---------+-------+---------+---------+-------+---------
